 Dungeon Crawl Stone Soup version 0.27-a0-828-g8289197e94 (webtiles) character file.

Game seed: 9559962217941970713

114 snetch the Chopper (level 4, -10/40 HPs)
             Began as a Hill Orc Monk on Mar 30, 2021.
             Mangled by Menkaure (17 damage)
             ... on level 5 of the Dungeon.
             The game lasted 00:03:57 (2188 turns).

snetch the Chopper (Hill Orc Monk)                  Turns: 2188, Time: 00:03:57

Health: -10/40     AC:  7    Str: 14    XL:     4   Next: 97%
Magic:  4/4        EV: 10    Int: 10    God:
Gold:   69         SH:  0    Dex: 13    Spells: 3/3 levels left

rFire    . . .     SeeInvis .   a - +0 hand axe
rCold    . . .     Faith    .   (no shield)
rNeg     . . .     Spirit   .   c - +0 scale mail
rPois    .         Reflect  .   n - +0 helmet
rElec    .         Harm     .   (no cloak)
rCorr    .         Rampage  .   (no gloves)
Will     .....                  (no boots)
Stlth    ..........             (no amulet)
HPRegen  0.13/turn              (no ring)
MPRegen  0.09/turn              (no ring)

@: studying Stealth
A: no striking features
a: no special abilities


You were on level 5 of the Dungeon.
You visited 1 branch of the dungeon, and saw 5 of its levels.

You collected 69 gold pieces.

Inventory:

Hand Weapons
 a - a +0 hand axe (weapon)
Missiles
 d - 27 stones (quivered)
 g - 38 sling bullets
 h - 23 arrows
 p - 8 poisoned darts
Armour
 c - a +0 scale mail (worn)
 n - a +0 helmet (worn)
 q - a +0 ring mail
Scrolls
 b - a scroll of magic mapping {unknown}
 e - a scroll of immolation {unknown}
 f - a scroll of torment {unknown}
 l - 3 scrolls of identify {unknown}
 o - a scroll of enchant armour {unknown}
Potions
 i - a potion of haste {unknown}
 j - a potion of lignification {unknown}
 k - 2 potions of curing {unknown}
 m - a potion of might {unknown}


   Skills:
 + Level 4.2 Fighting
 + Level 5.4 Axes
 + Level 0.1 Throwing
 + Level 1.8 Armour
 + Level 2.9 Dodging
 + Level 1.8 Stealth


You had 3 spell levels left.
You didn't know any spells.
Your spell library was empty.

Dungeon Overview and Level Annotations

Branches:
Dungeon (5/15)
 Temple: D:4-7

Altars:
Qazlal
Uskayaw

Annotations:
D:5 Menkaure


Message History

You hit the jelly.
You kill the jelly!
You hear the slow rusting of a very distant drain.
You are no longer corroded.
You hear the slow rusting of a very distant drain.
HP restored.
Found 8 poisoned darts.
Found a manual of Stealth.
You see here 8 poisoned darts.
p - 8 poisoned darts You pick up a manual of Stealth and begin studying.
Found a ring mail.
You see here a +0 ring mail.
q - a +0 ring mail
Found 20 sling bullets.
g - 38 sling bullets (gained 20)
You hear the slow rusting of a very distant drain.
Menkaure, Prince of Dust comes into view.
Menkaure shouts!
Menkaure casts a spell.
Menkaure seems to speed up.
Menkaure points at you and mumbles some strange words.
Pain shoots through your body!
Menkaure gestures at you while chanting.
Pain shoots through your body!
You hit Menkaure.
Menkaure is lightly damaged.
Menkaure calls on the powers of darkness!
Your body is wracked with pain!
Menkaure barely misses you.
You hit Menkaure.
Menkaure is moderately damaged.
Menkaure hits you!
* * * LOW HITPOINT WARNING * * *
You barely miss Menkaure.
Menkaure is moderately damaged.
Menkaure hits you but does no damage.
You hit Menkaure.
Menkaure is moderately damaged.
Menkaure hits you!
You die...

########........##...#
#............##...#
#.###........##...# #.#
#........##...#
####.###........##...#
.....................+
####.#########.###...#
#........##.###...###
####........##..@.......
.................M......
####........###########.
#.......##### ##.##.#.#
##.#..#.# #....##.#
#..####.# ...####.#


You could see Menkaure (fast).

Vanquished Creatures
  2 jellies
  2 adders (D:2)
  A dart slug (D:2)
  4 bats
  3 endoplasms (D:1)
  A giant cockroach (D:1)
  A goblin (D:1)
  3 hobgoblins
  6 jackals (D:1)
  A quokka (D:2)
  2 ball pythons (D:1)
  2 frilled lizards
  3 kobolds (D:1)
  5 rats
36 creatures vanquished.

Vanquished Creatures (others)
  A plant (D:4)
1 creature vanquished.

Grand Total: 37 creatures vanquished

Notes
Turn   | Place    | Note
-------+----------+-------------------------------------------
     0 | D:1      | snetch the Hill Orc Monk began the quest for the Orb.
     0 | D:1      | Reached XP level 1. HP: 19/19 MP: 1/1
   142 | D:1      | Reached XP level 2. HP: 11/27 MP: 2/2
   940 | D:1      | Reached XP level 3. HP: 33/33 MP: 3/3
  1270 | D:2      | Found a stormy altar of Qazlal.
  1270 | D:2      | Found a hide-covered altar of Uskayaw.
  1318 | D:2      | Reached skill level 1 in Armour
  1783 | D:4      | Reached skill level 5 in Axes
  1783 | D:4      | Reached XP level 4. HP: 17/40 MP: 4/4
  2011 | D:5      | Entered Level 5 of the Dungeon
  2180 | D:5      | Noticed Menkaure
  2188 | D:5      | Mangled by Menkaure

Illustrated notes

Levels and vault maps discovered:
D:1:      amcnicky_arrival_underground_garden, layout_basic
D:2:      layout_basic, gammafunk_temple_overflow_wave
D:3:      layout_loops_corners, biasface_ghost_orc_armoury, solitary_fountain
D:4:      layout_loops_corners, vehumet_crystals, serial_bayou_pond_a,
          minivault_23, hangedman_decor_growths, minmay_hedge_maze,
          minmay_stone_trees_large, uniq_natasha
D:5:      cheibrodos_fertilizer, layout_basic, kiku_gazebo_garden_becter,
          portal_sewer_entry_a, grunt_decor_junction, uniq_grinder,
          uniq_menkaure, uniq_edmund

Skill      XL: |  1  2  3 |
---------------+----------+-----
Fighting       | 4 |  4.2
Armour         | 1 |  1.8
Axes           | 5 |  5.4
Throwing       | |  0.1
Dodging        | |  2.9
Stealth        | |  1.8

Action                   |  1- 3 |  4- 6 || total
-------------------------+-------+-------++-------
Melee: Hand axe          |   133 |    12 ||   145
Throw: Stone             |     4 |       ||     4
Armor: Scale mail        |    63 |     2 ||    65
       Robe              |     3 |       ||     3
Dodge: Dodged            |    75 |     5 ||    80

Table legend: (Time is in decaauts)
 A = Elapsed time spent in this place.
 B = Non-inter-level travel time spent in this place.
 C = Inter-level travel time spent in this place.
 D = Time resting spent in this place.
 E = Time spent auto-exploring this place.
 F = Levels seen in this place.
 G = Mean time per level.
                   A        B        C        D        E       F      G
               +--------+--------+--------+--------+--------+-----+--------+
         Total |   2204 |   2178 |     26 |      0 |   1635 |   5 |  440.8 |
       Dungeon |   2204 |   2178 |     26 |      0 |   1635 |   5 |  440.8 |
               +--------+--------+--------+--------+--------+-----+--------+

Top non-repeatable levels by time:
     D:1: 1137 daAuts
     D:2: 637 daAuts
     D:3: 198 daAuts
     D:5: 177 daAuts
     D:4: 54 daAuts
